 Dungeon Crawl Stone Soup version 0.28.0-45-g0d030f2227 (webtiles) character file.

Game seed: 17678730274130486972

2620 NinjaNoafa the Digger (level 9, -3/69 HPs)
             Began as a Yellow Draconian Earth Elementalist on Apr 13, 2022.
             Was a Believer of Qazlal.
             Slain by an orc knight
             ... wielding a +0 war axe
              (30 damage)
             ... in a bailey.
             The game lasted 00:15:54 (6299 turns).

NinjaNoafa the Digger (DrEE)                        Turns: 6299, Time: 00:15:55

Health: -3/69      AC:  8    Str: 11    XL:     9   Next: 34%
Magic:  10/16      EV: 12    Int: 19    God:    Qazlal [**....]
Gold:   296        SH:  3    Dex: 12    Spells: 12/18 levels left

rFire   . . .      SeeInvis .   j - +5 short sword (drain)
rCold   . . .      Faith    .   G - orb {*channel}
rNeg    . . .      Spirit   .   (armour unavailable)
rPois   .          Reflect  .   C - +0 hat
rElec   .          Harm     +   q - scarf {harm}
rCorr   +          Rampage  .   l - +0 pair of gloves
Will    +....      Clarity  +   (no boots)
Stlth   ++........              v - amulet of magic regeneration
HPRegen 0.21/turn               g - ring of willpower
MPRegen 0.55/turn               f - ring of flight

@: lethally poisoned (-3 -> -6), flying
A: spit acid, AC +7, unfitting armour, cold-blooded, acid resistance, antennae
1, clarity, sense surroundings 1, wild magic 1
a: Breathe Acid, Renounce Religion, Upheaval


You were in a bailey.
You worshipped Qazlal.
Qazlal was pleased with you.
You visited 1 branch of the dungeon, and saw 7 of its levels.
You also visited: Bailey.

You collected 296 gold pieces.

Inventory:

Hand Weapons
 a - a +0 dagger of venom
 c - a +0 arbalest
 j - a +5 short sword of draining (weapon)
 t - a +2 dagger of venom
 x - a +1 scimitar of distortion
Missiles
 k - 24 poisoned darts
 u - 8 curare-tipped darts
 H - 2 stones
 I - 13 boomerangs (quivered)
 K - 4 atropa-tipped darts
Armour
 l - a +0 pair of gloves (worn)
 n - an orb of wrath
 q - a scarf of harm (worn)
 A - a +0 cloak
 C - a +0 hat (worn)
 G - an orb of energy (worn)
Jewellery
 f - a ring of flight (right hand)
 g - a ring of willpower (left hand)
 i - an amulet of the acrobat
 v - an amulet of magic regeneration (around neck)
Wands
 b - a wand of charming (10)
 o - a wand of acid (5)
 y - a wand of iceblast (9)
Scrolls
 d - 2 scrolls of amnesia
 h - a scroll of noise
 m - a scroll of immolation
 r - 4 scrolls of teleportation
 B - a scroll of identify
 E - a scroll of enchant armour {unknown}
 F - a scroll of blinking {unknown}
 J - a scroll of vulnerability {unknown}
Potions
 e - 3 potions of heal wounds
 p - 2 potions of mutation
 s - a potion of might
 w - a potion of curing
 z - 3 potions of degeneration
 D - a potion of haste {unknown}


   Skills:
 - Level 3.0 Fighting
 - Level 2.0 Short Blades
 - Level 3.0 Dodging
 - Level 3.0 Stealth
 + Level 5.3 Spellcasting
 + Level 4.4 Conjurations
 + Level 5.5 Transmutations
 + Level 6.2 Earth Magic
 * Level 3.3 Invocations
 * Level 2.9 Evocations


You had 12 spell levels left.
You knew the following spells:

 Your Spells              Type           Power      Damage    Failure   Level
a - Sandblast             Erth           74%        2d16      1%          1
b - Magic Dart            Conj           100%       1d8       3%          1
c - Passwall              Tmut/Erth      29%        N/A       3%          2
d - Searing Ray           Conj           56%        2d6       5%          2

Your spell library contained the following spells:

 Spells                   Type           Power      Damage    Failure   Level
 Stone Arrow              Conj/Erth      66%        3d11      7%          3
 Petrify                  Tmut/Erth      35%        N/A       16%         4
 Spider Form              Tmut/Pois      20%        N/A       17%         3
 Ensorcelled Hibernation  Hex/Ice        12%        N/A       26%         2
 Fulminant Prism          Conj/Hex       8%         3d7       52%         4
 Anguish                  Hex/Necr       3%         N/A       83%         4


Dungeon Overview and Level Annotations

Branches:
Dungeon (7/15)             Bailey (1/1)
 Temple: D:4-7

Altars:
Qazlal

Shops:
D:1 (


Innate Abilities, Weirdness & Mutations

You can spit globs of acid.
Your golden yellow scales are hard. (AC +7)
You cannot fit into any form of body armour.
You are cold-blooded and may be slowed by cold attacks.
You are resistant to acid. (rCorr)
You have a pair of small antennae on your head.
You possess an exceptional clarity of mind.
You passively map a small area around you.
Your spells are a little harder to cast, but a little more powerful.


Message History

You have got your breath back.
The kobold brigand throws a poisoned dart.
The poisoned dart hits you!
You are poisoned.
You feel very sick.
The orc knight is no longer covered in acid.
Casting: Searing Ray (safe; 5% risk of failure)
Confirm with . or Enter, or press ? or * to list all spells.
Aiming: Searing Ray (safe; 5% risk of failure)
Press: ? - help, Shift-Dir - straight line, f/p - orc knight
Aim: an orc knight, wielding a +0 war axe and wearing a +0 ring mail (moderately wounded, 74% to hit)
The searing ray hits the kobold brigand!
The kobold brigand is heavily wounded.
The searing ray hits the orc knight.
The orc knight is heavily wounded. (Press . to maintain the ray.)
You feel sick.
Casting: Searing Ray (safe; 5% risk of failure)
Confirm with . or Enter, or press ? or * to list all spells.
Restarting spell: Searing Ray (safe; 5% risk of failure)
Press: ? - help, Shift-Dir - straight line, f/p - orc knight
Aim: an orc knight, wielding a +0 war axe and wearing a +0 ring mail (heavily wounded, 74% to hit)
The searing ray misses the kobold brigand.
The searing ray hits the orc knight.
The orc knight is heavily wounded. (Press . to maintain the ray.)
You feel sick.
The kobold brigand hits you with a +0 war axe.
Casting: Searing Ray (safe; 5% risk of failure)
Confirm with . or Enter, or press ? or * to list all spells.
Aiming: Sandblast (safe; 1% risk of failure)
Press: ? - help, Shift-Dir - straight line, f/p - orc knight
Aim: an orc knight, wielding a +0 war axe and wearing a +0 ring mail (heavily wounded, 77% to hit)
The blast of sand misses the orc knight.
H - 2 stones You feel sick.
The orc warrior no longer looks unusually strong.
The kobold brigand hits you with a +0 war axe.
The orc knight hits you with a +0 war axe!!
You die...

...............* *
........... *
,....... * ** #)..#
###'### ##.....##
#..o8...# #∩.Ko..∩#
##.@...##
####○')####
#≈.......≈## *
#≈≈.......≈≈#####
.≈≈.......≈≈....#
##≈≈.......≈≈###.#
*
,..≈≈.......≈≈....#
###≈≈.......≈≈###.#
..≈≈.......≈≈....#


You could see an orc knight, an orc warrior and a kobold brigand.

Vanquished Creatures
  Sigmund (D:6)
  A steam dragon (D:6)
  Edmund (D:6)
  A water moccasin (D:6)
  2 orc warriors
  2 ice beasts
  A black bear (D:6)
  A sky beast (D:6)
  2 ogres
  6 kobold brigands
  2 bullfrogs
  A scorpion (D:5)
  A water moccasin zombie (D:5)
  2 wyvern skeletons (D:6)
  A howler monkey (D:7)
  3 jellies
  An orc priest (D:4)
  6 orc wizards
  4 iguanas
  Robin (D:4)
  6 adders
  A white imp (D:6)
  2 adder zombies (D:5)
  An adder skeleton (D:4)
  2 dart slugs (D:2)
  24 orcs
  6 ball pythons
  6 bats
  8 endoplasms
  3 giant cockroaches
  16 goblins
  10 hobgoblins
  11 jackals
  2 quokkas
  3 frilled lizards
  15 kobolds
  5 rats
161 creatures vanquished.

Notes
Turn   | Place    | Note
-------+----------+-------------------------------------------
     0 | D:1      | NinjaNoafa the Draconian Earth Elementalist began the quest
                  | for the Orb.
     0 | D:1      | Reached XP level 1. HP: 14/14 MP: 3/3
   166 | D:1      | Reached XP level 2. HP: 20/20 MP: 0/5
   948 | D:1      | Found Ycay's Antique Weapon Boutique.
   999 | D:1      | Reached XP level 3. HP: 23/25 MP: 4/6
  1786 | D:2      | Reached skill level 1 in Fighting
  1786 | D:2      | Reached XP level 4. HP: 35/35 MP: 5/7
  2206 | D:3      | Noticed a bullfrog
  2210 | D:3      | Killed a bullfrog
  2211 | D:3      | Reached XP level 5. HP: 41/41 MP: 5/8
  2994 | D:4      | Noticed Robin
  3002 | D:4      | Killed Robin
  3102 | D:4      | Noticed a water elemental
  3105 | D:4      | Found a stormy altar of Qazlal.
  3106 | D:4      | Noticed an air elemental
  3106 | D:4      | Noticed a fire elemental
  3114 | D:4      | Became a worshipper of Qazlal Stormbringer
  3234 | D:4      | Reached XP level 6. HP: 33/51 MP: 7/10
  3240 | D:4      | Gained mutation: You have a pair of small antennae on your
                  | head. [potion of mutation]
  3240 | D:4      | Gained mutation: Your spells are a little harder to cast,
                  | but a little more powerful. [potion of mutation]
  3240 | D:4      | Gained mutation: You possess an exceptional clarity of
                  | mind. [potion of mutation]
  3240 | D:4      | Gained mutation: You passively map a small area around you.
                  | [potion of mutation]
  3323 | D:4      | Noticed an orc warrior
  3337 | D:4      | Reached skill level 4 in Earth Magic
  3491 | D:4      | Killed an orc warrior
  3492 | D:4      | Reached skill level 1 in Conjurations
  3945 | D:4      | Your scales start taking on a golden yellow colour.
  3945 | D:4      | Reached XP level 7. HP: 46/57 MP: 9/12
  3945 | D:4      | Gained mutation: You are resistant to acid. (rCorr) [Yellow
                  | Draconian growth]
  3957 | D:4      | Reached * piety under Qazlal
  4341 | D:5      | Entered Level 5 of the Dungeon
  4781 | D:5      | Reached skill level 1 in Short Blades
  4781 | D:5      | Reached skill level 5 in Earth Magic
  5012 | D:6      | Noticed Sigmund
  5022 | D:6      | Killed Sigmund
  5023 | D:6      | Reached XP level 8. HP: 56/63 MP: 10/14
  5309 | D:6      | Reached ** piety under Qazlal
  5383 | D:6      | Learned a level 1 spell: Magic Dart
  5386 | D:6      | Learned a level 2 spell: Passwall
  5463 | D:6      | Reached skill level 5 in Transmutations
  5650 | D:6      | Reached skill level 1 in Invocations
  5650 | D:6      | Reached skill level 1 in Evocations
  5713 | D:6      | Noticed Edmund
  5724 | D:6      | Killed Edmund
  5725 | D:6      | Reached skill level 5 in Spellcasting
  5856 | D:6      | Reached skill level 6 in Earth Magic
  5882 | D:6      | Reached XP level 9. HP: 64/69 MP: 16/16
  5886 | D:6      | Learned a level 2 spell: Searing Ray
  6171 | D:7      | Found a flagged portal.
  6182 | Bailey   | Entered a bailey
  6284 | Bailey   | Noticed an orc knight
  6299 | Bailey   | Slain by an orc knight

Illustrated notes

Levels and vault maps discovered:
D:1:      minmay_arrival_four_houses, layout_basic, serial_shops, shop
D:2:      layout_loops_ring, grunt_decor_cap
D:3:      layout_basic, kennysheep_nub, nicolae_figureground_pulse
D:4:      wad_pebble_path, layout_cave_pods, nicolae_qazlal_style_of_elements,
          uniq_robin
D:5:      layout_loops_cross
D:6:      wander_river, layout_loops_cross, uniq_edmund, uniq_sigmund
D:7:      layout_cave_pools, minmay_temple_entry_steel_oval, enter_bailey_4,
          serial_shops, nicolae_shop_crystal
Bailey:   bailey_axe_3, bailey

Skill      XL: |  1  2  3  4  5  6  7  8  9 |
---------------+----------------------------+-----
Stealth        | 2 3 |  3.0
Dodging        | 2 3 |  3.0
Fighting       | 1 3 |  3.0
Transmutations | 2 3 4 5 |  5.5
Earth Magic    | 4 5 6 |  6.2
Spellcasting   | 3 4 5 |  5.3
Conjurations   | 1 2 4 |  4.4
Short Blades   | 1 2 |  2.0
Invocations    | 1 3 |  3.3
Evocations     | 1 2 |  2.9

Action                   |  1- 3 |  4- 6 |  7- 9 || total
-------------------------+-------+-------+-------++-------
Melee: Dagger            |    17 |     5 |       ||    22
       Tailslap          |     6 |     3 |     7 ||    16
       Short sword       |    17 |    46 |    74 ||   137
       Punch             |       |     1 |     1 ||     2
Throw: Boomerang         |       |       |     2 ||     2
 Cast: Sandblast         |    48 |    61 |    62 ||   171
       Magic Dart        |       |       |    23 ||    23
       Passwall          |       |       |     1 ||     1
       Searing Ray       |       |       |    17 ||    17
 Abil: Breathe Acid      |       |       |     6 ||     6
Evoke: Wand              |       |     2 |       ||     2
  Use: Scroll            |       |     6 |     5 ||    11
       Potion            |       |     3 |     1 ||     4
Armor: Skin              |    23 |    58 |    33 ||   114
Dodge: Dodged            |    35 |   111 |    80 ||   226
Block: Other             |       |       |     5 ||     5
       Orb               |       |       |     6 ||     6
